AoeStats
← Iamak3186

Arabia

504001744Analyzed
1v1 RM · 1mo ago on Sep 3, 2026· 42m 50s· 2 players
Game mode
Random Map
Map size
Tiny (2 player)
Population
200
Speed
Normal
Resources
Standard
Victory
Conquest
Starting age
Dark Age
Ending age
Imperial Age
RankedLock teamsTeams togetherTeam positionsShared explorationLock speedFull tech treeHidden civsTurbo modeCheats
Victory
Defeat
🇮🇳 Mongols · India
1229
+15
🇳🇱 Armenians · Netherlands
1214
-15
Petard my Fortress
10:02 Feudal Age
11:00 Double-Bit Axe
12:04 Man-at-Arms
14:11 Horse Collar
14:18 Loom
15:54 Fletching
16:07 Padded Archer Armor
21:50 Castle Age
20:06 Stone Mining
22:30 Wheelbarrow
22:27 Elite Skirmisher
23:50 Bodkin Arrow
23:59 Gambesons
24:53 Pikeman
25:50 Squires
40:19 Heated Shot
Iamak3186
5:15 Loom
7:54 Feudal Age
9:10 Double-Bit Axe
15:22 Horse Collar
20:48 Castle Age
19:29 Scale Barding Armor
19:23 Gold Mining
20:15 Bloodlines
22:33 Bow Saw
32:30 Fletching
35:07 Light Cavalry
36:09 Chain Barding Armor
40:40 Forging
Connection lost

Rejoining the realm…

Still unreachable

The connection could not be restored.

Session expired

The server has moved on; the page needs a fresh start.